 Dungeon Crawl Stone Soup version 0.30-a0-586-g23e55c9e0a (webtiles) character file.

Game seed: 1656662477815155139

30 omnomnOMINOUS the Sneak (level 3, -1/34 HPs)
             Began as an Octopode Wanderer on Jan 4, 2023.
             Was a Follower of Trog.
             Slain by a gnoll
             ... wielding a +0 flail
              (9 damage)
             ... on level 2 of the Dungeon.
             The game lasted 00:05:21 (820 turns).

omnomnOMINOUS the Sneak (Octopode Wanderer)          Turns: 820, Time: 00:05:22

Health: -1/34      AC:  1    Str:  8    XL:     3   Next: 20%
Magic:  6/6        EV: 12    Int: 17    God:    Trog [*.....]
Gold:   44         SH:  0    Dex: 13    Spells: 5/6 levels left

rFire   . . .      SeeInvis .    a - +2 trident (holy)
rCold   . . .      Faith    .    (no shield)
rNeg    . . .      Spirit   .    c - +0 hat
rPois   .          Reflect  .    (no amulet)
rElec   .          Harm     .    (no ring)
rCorr   .          Rampage  .    (no ring)
Will    .....                    (no ring) Stlth
                                 (no ring)
HPRegen 0.25/turn                (no ring)
MPRegen 0.10/turn                (no ring)
                                 (no ring)
                                 (no ring)

@: berserking, very quick
A: almost no armour, amphibious, 8 rings, camouflage 1, gelatinous body 1,
(nimble swimmer 1), tentacles
a: Renounce Religion, Berserk


You were on level 2 of the Dungeon.
You worshipped Trog.
Trog was aware of your devotion.
You visited 1 branch of the dungeon, and saw 2 of its levels.

You collected 44 gold pieces.

Inventory:

Hand Weapons
 a - a +2 trident of holy wrath (weapon)
 b - a +0 heavy spear
Armour
 c - a +0 hat (worn)
Scrolls
 d - 2 scrolls of identify {unknown}
 f - a scroll of amnesia {unknown}
 h - 3 scrolls of enchant armour {unknown}
 i - a scroll of magic mapping {unknown}
 j - a scroll of blinking
Potions
 e - a potion of might {unknown}
 g - a potion of degeneration {unknown}


   Skills:
 + Level 1.0 Fighting
 * Level 0.4 Polearms
 + Level 1.0 Dodging
 - Level 5.3 Stealth
 - Level 2.2 Spellcasting
 - Level 3.4 Ice Magic
 - Level 1.2 Poison Magic


You had 5 spell levels left.
You knew the following spells:

 Your Spells              Type           Power      Damage    Failure   Level
a - Freeze                Ice            52%        1d6       4%          1

Your spell library contained the following spells:

 Spells                   Type           Power      Damage    Failure   Level
 Sting                    Tmut/Pois      12%        1d3       14%         1
 Frozen Ramparts          Ice            26%        1d4       14%         3
 Sublimation of Blood     Necr           1%         N/A       28%         2
 Hailstorm                Conj/Ice       7%         3d4       28%         3
 Spider Form              Tmut/Pois      3%         N/A       41%         3
 Petrify                  Tmut/Erth      1%         N/A       88%         4
 Irradiate                Conj/Tmut      0%         3d11      99%         5


Dungeon Overview and Level Annotations

Branches:
Dungeon (2/15)

Altars:
Trog

Shops:
D:1 ?   D:2 =


Innate Abilities, Weirdness & Mutations

You cannot wear most types of armour.
You are amphibious.
You can wear up to eight rings at the same time.
Your skin changes colour to match your surroundings (Stealth+).
Your rubbery body absorbs attacks. (AC +1, EV +1)
((You are camouflaged when in or above water. (Stealth+)))
You have tentacles for arms and can constrict up to eight enemies at once.


Message History

The gnoll shouts! x2; The ball python hisses angrily.
You hear a shout!
You reach to attack!
You puncture the gnoll!
The gnoll is heavily wounded.
The ball python barely misses you. The ball python grabs you.
The ball python constricts you.
You hit the ball python.
You kill the ball python!
Trog accepts your kill. The gnoll hits you with a +0 flail!
The gnoll hits you from afar with a +0 spear!
You are too injured to fight recklessly!
You are too injured to fight recklessly!
You are too injured to fight recklessly!
You are too injured to fight recklessly!
You are too injured to fight recklessly!
You are too injured to fight recklessly!
You are too injured to fight recklessly!
You are too injured to fight recklessly!
You are too injured to fight recklessly!
You are too injured to fight recklessly!
You are too injured to fight recklessly!
You are too injured to fight recklessly!
You are too injured to fight recklessly!
You are too injured to fight recklessly!
You are too injured to fight recklessly!
You are too injured to fight recklessly!
You are too injured to fight recklessly!
You are too injured to fight recklessly!
You are too injured to fight recklessly!
You are too injured to fight recklessly!
You are too injured to fight recklessly!
You are too injured to fight recklessly!
Unknown command.
The gnoll attacks as you move away! The gnoll closely misses you.
You fail to use your ability.
The gnoll hits you with a +0 flail.
* * * LOW HITPOINT WARNING * * *
A red film seems to cover your vision as you go berserk!
You feel yourself moving faster!
You feel mighty! The gnoll hits you with a +0 flail!
You die...

####### #+# #.....#
#.# #.###.# #.# #.#
#.# #@# #.#
#.#####g####'##.
#.###......gg†......
#......###.#........
##......##.#.##.....
#......##.#.# ..##
###......##.#.# .#
#####..###...#..#.#
#
......#...#.##.##..


You could see 3 gnolls.

Vanquished Creatures
  A gnoll (D:1)
  5 ball pythons
  A bat (D:1)
  2 endoplasms (D:1)
  A giant cockroach (D:2)
  2 goblins (D:1)
  A hobgoblin (D:2)
  2 kobolds (D:1)
  2 quokkas (D:1)
  A frilled lizard (D:2)
  A rat (D:1)
19 creatures vanquished.

Vanquished Creatures (others)
  A fungus (D:1)
  A plant (D:1)
2 creatures vanquished.

Grand Total: 21 creatures vanquished

Notes
Turn   | Place    | Note
-------+----------+-------------------------------------------
     0 | D:1      | omnomnOMINOUS the Octopode Wanderer began the quest for the
                  | Orb.
     0 | D:1      | omnomnOMINOUS set off with the following items: a +0
                  | dagger, a scroll of blinking, a +0 hat; and the following
                  | spells available to memorise: Freeze, Sting, Frozen
                  | Ramparts, Hailstorm, Spider Form.
     0 | D:1      | Reached XP level 1. HP: 11/11 MP: 3/3
     2 | D:1      | Learned a level 1 spell: Freeze
   225 | D:1      | Found Ihooryan's Magic Scroll Emporium.
   289 | D:1      | Reached XP level 2. HP: 18/18 MP: 5/5
   468 | D:1      | Found a faded altar of an unknown god.
   477 | D:1      | Prayed at the altar of an unknown god.
   477 | D:1      | Became a worshipper of Trog the Wrathful
   477 | D:1      | Reached * piety under Trog
   508 | D:1      | Reached XP level 3. HP: 22/22 MP: 6/6
   668 | D:1      | Reached skill level 1 in Dodging
   773 | D:2      | Reached skill level 1 in Fighting
   782 | D:2      | Found Jarorun's One-of-a-Kind Rings.
   820 | D:2      | Slain by a gnoll

Illustrated notes

Levels and vault maps discovered:
D:1:      heliophobic_arrival_enchanted_forest, layout_loops_ring,
          shapermc_ecumenical_altar_mp_urbaneastern, serial_shops, shop,
          minmay_misc_feat_square, kennysheep_flooded_box
D:2:      layout_basic, basic_altar, serial_shops, shop,
          nicolae_shop_unique_rings, nrook_loot_triangle, uniq_natasha

Skill      XL: |  1  2  3 |
---------------+----------+-----
Dodging        | 1 |  1.0
Fighting       | 1 |  1.0
Polearms       | |  0.4
Stealth        | |  5.3
Spellcasting   | |  2.2
Ice Magic      | |  3.4
Poison Magic   | |  1.2

Action                   || total
-------------------------++-------
Melee: Dagger            ||     5
       Spear             ||    30
       Constrict         ||     6
       Tentacles         ||     5
       Trident           ||     4
Invok: Berserk           ||     1
 Stab: Sleeping          ||    10
Armor: Skin              ||     1
Dodge: Dodged            ||    14

Table legend: (Time is in decaauts)
 A = Elapsed time spent in this place.
 B = Non-inter-level travel time spent in this place.
 C = Inter-level travel time spent in this place.
 D = Time resting spent in this place.
 E = Time spent auto-exploring this place.
 F = Levels seen in this place.
 G = Mean time per level.
                   A        B        C        D        E       F      G
               +--------+--------+--------+--------+--------+-----+--------+
         Total |    837 |    821 |     16 |      0 |    645 |   2 |  418.5 |
       Dungeon |    837 |    821 |     16 |      0 |    645 |   2 |  418.5 |
               +--------+--------+--------+--------+--------+-----+--------+

Top non-repeatable levels by time:
     D:1: 737 daAuts
     D:2: 100 daAuts
